 Dungeon Crawl Stone Soup version 0.21-a0-55-gb612c23 (webtiles) character file.

653 HAL9000 the Cudgeler (level 7, -2/70 HPs)
             Began as an Ogre Hunter on June 9, 2017.
             Slain by an orc
             ... wielding a +0 mace
              (7 damage)
             ... on level 5 of the Dungeon on June 14, 2017.
             The game lasted 00:11:28 (6050 turns).

HAL9000 the Cudgeler (Ogre Hunter)                  Turns: 6050, Time: 00:11:28

Health: -2/70      AC:  3    Str: 19    XL:     7   Next: 54%
Magic:  16/16      EV: 10    Int: 12    God:
Gold:   287        SH:  0    Dex:  9    Spells: 6/6 levels left

rFire    . . .     SeeInvis +   j - +0 whip
rCold    . . .     Gourm    .   (no shield)
rNeg     . . .     Faith    .   b - +0 robe
rPois    .         Spirit   .   (helmet restricted)
rElec    .         Reflect  .   (no cloak)
rCorr    .         Harm     .   (gloves unavailable)
MR       .....                  (boots unavailable)
Stlth    +.........             (no amulet)
HPRegen  0.21/turn              E - ring of magical power
MPRegen  0.15/turn              s - ring of see invisible

@: lethally poisoned (-2 -> -11)
A: unfitting armour, tough skin 1
a: no special abilities


You were on level 5 of the Dungeon.
You were not hungry.

You visited 1 branch of the dungeon, and saw 5 of its levels.
You also visited: Sewer.

You collected 287 gold pieces.

Inventory:

Hand Weapons
 j - a +0 whip (weapon)
Missiles
 d - a throwing net (quivered)
Armour
 b - a +0 robe (worn)
Jewellery
 m - an uncursed ring of fire
 s - a ring of see invisible (right hand)
 E - a ring of magical power (left hand)
Scrolls
 k - a scroll of enchant armour {unknown}
 l - 5 scrolls of remove curse {unknown}
 q - a scroll of fog {unknown}
 u - 2 scrolls of amnesia {unknown}
 v - a scroll of teleportation {unknown}
 x - 3 scrolls of immolation {unknown}
 y - a scroll of fear {unknown}
 C - a scroll of enchant weapon {unknown}
Potions
 i - a potion of magic
 n - 4 potions of curing
 p - a potion of mutation {unknown}
 w - 2 potions of brilliance
 z - 2 potions of heal wounds
 A - a potion of might {unknown}
 D - 2 potions of berserk rage {unknown}
Books
 F - a book of Misfortune

   Spells                             Type                      Level
   a - Confusing Touch                Hexes                        1
   b - Confuse                        Hexes                        3
   c - Gell's Gravitas                Translocation                3
   d - Petrify                        Transmutation/Earth          4
   e - Metabolic Englaciation         Hexes/Ice                    5
   f - Yara's Violent Unravelling     Hexes/Transmutation          5
Comestibles
 f - 3 bread rations
 g - 2 meat rations
 o - a fruit
 G - a chunk of flesh


   Skills:
 - Level 4.2 Fighting
 + Level 6.8 Maces & Flails
 - Level 4.0 Throwing
 - Level 1.7 Dodging
 - Level 0.6 Stealth


You had 6 spell levels left.
You didn't know any spells.

Dungeon Overview and Level Annotations

Branches:
Dungeon (5/15)
 Temple: D:4-7

Altars:
Hepliaklqana
Ru
Yredelemnul

Shops:
D:4 *


Innate Abilities, Weirdness & Mutations

You are too large for most types of armour.
You have tough skin. (AC +1)


Message History

The bullfrog barely misses you.
Unknown command.
Unknown command.
You feel sick. The orc closely misses you.
The orc shouts!
You hit the orc wizard but do no damage.
You feel sick. The bullfrog closely misses you.
The orc throws a tomahawk.
The tomahawk barely misses you.
The tomahawk hits the orc.
The orc wizard hits you with a dagger.
* * * LOW HITPOINT WARNING * * *
You closely miss the orc wizard. The bullfrog closely misses you.
The phantom closely misses you. The bullfrog hits you.
* * * LOW HITPOINT WARNING * * *
You barely miss the orc wizard.
* * * LOW HITPOINT WARNING * * *
You feel sick. The orc wizard closely misses you.
The orc hits you but does no damage.
You are lethally poisoned!
The orc hits you with a mace!
You die...

## <# .##### ..[..#########
#..#.#.......###
...............##
######..#....#..##
#......##....##oF#
#'###..#......#o@##########
...(..##..##..##oW.........
.>....#..####..#.oo.#####..
...##.#..####..#......#
#####.##..##..##......#
#..#......#.[(..(.#
#..##....##.......#
#...#....#.(####..###
#...........###......


You could see a phantom, a bullfrog, an orc wizard and 4 orcs.

Vanquished Creatures
  Grinder (D:4)
  A big kobold (Sewer)
  A centaur zombie (D:5)
  2 hounds (D:4)
  A centaur skeleton (D:5)
  An iguana (D:4)
  A hound skeleton (D:4)
  A mummy (D:4)
  Robin (D:3)
  8 adders
  3 oozes
  2 worms (D:3)
  4 dart slugs
  3 leopard geckos
  2 orcs (D:5)
  4 ball pythons
  4 giant cockroaches
  15 goblins
  8 hobgoblins
  16 kobolds
  2 quokkas (D:2)
  A ball python skeleton (D:4)
  7 bats
  4 frilled lizards
  A leopard gecko zombie (D:5)
  A quokka skeleton (D:4)
  11 rats
106 creatures vanquished.

Vanquished Creatures (others)
  A plant (Sewer)
1 creature vanquished.

Grand Total: 107 creatures vanquished

Notes
Turn   | Place    | Note
-------+----------+-------------------------------------------
     0 | D:1      | HAL9000 the Ogre Hunter began the quest for the Orb.
     0 | D:1      | Reached XP level 1. HP: 22/22 MP: 1/1
     0 | D:1      | Upgraded the game from 0.21-a0-49-g7bf2ba4 to 0.21-a0-50-g941c862
   145 | D:1      | Reached XP level 2. HP: 10/32 MP: 2/2
   364 | D:1      | Upgraded the game from 0.21-a0-50-g941c862 to 0.21-a0-55-gb612c23
   771 | D:1      | Reached XP level 3. HP: 34/39 MP: 3/3
   783 | D:1      | Reached skill level 1 in Maces & Flails
  1435 | D:2      | Found a sacrificial altar of Ru.
  1687 | D:2      | Reached skill level 2 in Maces & Flails
  1696 | D:2      | Reached XP level 4. HP: 31/48 MP: 4/4
  2435 | D:3      | Noticed Robin
  2596 | D:3      | Reached skill level 3 in Maces & Flails
  2635 | D:3      | Killed Robin
  2775 | D:3      | Reached XP level 5. HP: 40/54 MP: 5/5
  3331 | D:4      | Reached skill level 4 in Maces & Flails
  3560 | D:4      | Found a glowing drain.
  3582 | Sewer    | Entered a sewer
  3598 | Sewer    | Noticed a big kobold
  3774 | Sewer    | Killed a big kobold
  3774 | Sewer    | Reached XP level 6. HP: 56/62 MP: 6/6
  4013 | D:4      | Noticed Grinder
  4098 | D:4      | Paralysed by Grinder for 5 turns
  4105 | D:4      | Killed Grinder
  4105 | D:4      | Reached skill level 6 in Maces & Flails
  4105 | D:4      | Reached XP level 7. HP: 27/70 MP: 7/7
  4593 | D:4      | Found a hazy altar of Hepliaklqana.
  4612 | D:4      | Found Kuemokke's Elemental Accessories.
  5106 | D:5      | Entered Level 5 of the Dungeon
  5841 | D:5      | Found a basalt altar of Yredelemnul.
  6050 | D:5      | Slain by an orc

Vault maps used:
D:1:      dpeg_arrival_boxorama
D:2:      cheibrodos_helix_gallery, old_standard_altar
D:3:      uniq_robin
D:4:      lemuel_crystal_altar, portal_sewer_entry_b, first_bread,
          gup_ossuary_entry_pyramid, nicolae_elemental_shop, uniq_grinder
D:5:      corexii_shantytown, grunt_temple_overflow_order_and_chaos_2,
          overflow_temple_1_default, minmay_misc_feat_iff, serial_park_tiny_1,
          uniq_duvessa
Sewer:    kennysheep_pipe_town

Skill      XL: |  1  2  3  4  5  6 |
---------------+-------------------+-----
Fighting       | 3 4 |  4.2
Maces & Flails | 2 3 4 6 |  6.8
Throwing       | |  4.0
Dodging        | |  1.7
Stealth        | |  0.6

Action                   |  1- 3 |  4- 6 |  7- 9 || total
-------------------------+-------+-------+-------++-------
Melee: Short sword       |    14 |       |       ||    14
       Whip              |   129 |   238 |   168 ||   535
Throw: Large rock        |       |     8 |     5 ||    13
       Throwing net      |       |       |     2 ||     2
  Use: Scroll            |       |     4 |       ||     4
  Eat: Chunk             |     2 |     8 |     4 ||    14
       Fruit             |       |       |     3 ||     3
Armor: Robe              |    44 |    63 |    23 ||   130
Dodge: Dodged            |    74 |   142 |    89 ||   305
